Map: Vallée des cactus EC

Players

HeLeX

  • Race: Protoss Protoss
  • League: Grandmaster

AgCl

  • Race: Protoss Protoss
  • League: Grandmaster

Videoboy - Winner!

  • Race: Terran Terran
  • League: Grandmaster

eClipse - Winner!

  • Race: Terran Terran
  • League: Grandmaster

VOD

Have the link to the VOD?

Description

Time

  • Played on: May 29, 2015, 9:37 p.m.
  • Length: 30:22
Show
View Real Time Build Order
Export as new Build Order

HeLeX Protoss 

Build Orders:  

Get SALT Encoding   

  12  0:14  Pylon  
  12  0:17  Probe  
  13  0:30  Probe (Chrono Boost)  
  14  0:41  Probe (Chrono Boost)  
  15  0:45  Gateway  
  15  0:48  Probe  
  16  1:00  Probe (Chrono Boost)  
  18  1:11  Probe (Chrono Boost)  
  18  1:18  Probe (Chrono Boost)  
  19  1:29  Probe  
  20  1:34  Cybernetics Core  
  20  1:35  Assimilator  
  20  1:41  Probe  
  21  1:53  Probe  
  22  2:00  Assimilator  
  22  2:01  Pylon  
  21  2:06  Probe (Chrono Boost)  
  22  2:20  Probe (Chrono Boost), Nexus  
  23  2:25  Adept  
  23  2:27  Probe  
  23  2:29  Pylon  
  25  2:36  Probe  
  27  2:46  Forge  
  27  2:48  Probe  
  28  3:07  Probe  
  28  3:11  Sentry  
  31  3:17  Stargate  
  31  3:19  Probe (Chrono Boost)  
  32  3:31  Mothership Core (Chrono Boost), Pylon  
  32  3:32  Assimilator  
  32  3:33  Probe (Chrono Boost)  
  34  3:39  Probe  
  37  3:50  Probe (Chrono Boost)  
  37  3:51  Probe (Chrono Boost)  
  38  4:00  Oracle  
  38  4:02  Probe (Chrono Boost)  
  43  4:03  Probe (Chrono Boost)  
  43  4:04  Assimilator  
  43  4:08  Probe (Chrono Boost)  
  44  4:10  Warp Gate  
  44  4:13  Probe (Chrono Boost)  
  44  4:15  Pylon  
  45  4:21  Probe (Chrono Boost)  
  47  4:25  Probe (Chrono Boost)  
  47  4:30  Probe (Chrono Boost)  
  48  4:31  Probe (Chrono Boost)  
  48  4:36  Fleet Beacon  
  48  4:38  Probe  
  50  4:41  Probe  
  50  4:42  Photon Cannon  
  51  4:50  Probe  
  48  4:53  Probe, Phoenix (Chrono Boost)  
  51  5:02  Probe  
  51  5:05  Probe  
  53  5:14  Probe  
  53  5:17  Probe  
  55  5:30  Probe  
  55  5:32  Void Ray (Chrono Boost)  
  60  5:36  Probe  
  60  5:42  Probe  
  62  5:47  Pylon x2  
  62  5:49  Probe  
  63  5:54  Probe  
  64  5:58  Photon Cannon  
  64  6:01  Probe  
  64  6:02  Nexus  
  65  6:09  Stargate  
  63  6:15  Probe  
  63  6:16  Void Ray (Chrono Boost)  
  68  6:18  Pylon  
  68  6:26  Graviton Catapult  
  68  6:28  Assimilator  
  68  6:30  Protoss Air Weapons Level 1  
  68  6:31  Assimilator  
  68  6:33  Probe, Pylon, Carrier (Chrono Boost)  
  68  6:35  Probe  
  68  6:38  Cybernetics Core  
  70  6:43  Twilight Council  
  70  6:45  Probe  
  77  7:01  Protoss Ground Weapons Level 1  
  77  7:06  Void Ray (Chrono Boost)  
  81  7:14  Carrier (Chrono Boost)  
  81  7:23  Probe (Chrono Boost)  
  81  7:24  Probe (Chrono Boost)  
  81  7:25  Probe (Chrono Boost)  
  81  7:27  Protoss Air Armor Level 1 (Chrono Boost)  
  84  7:34  Probe x3 (Chrono Boost), Photon Cannon  
  87  7:40  Probe x2  
  87  7:41  Carrier (Chrono Boost)  
  87  7:43  Probe  
  96  7:48  Photon Cannon  
  96  7:52  Probe  
  96  7:53  Probe  
  96  7:55  Probe  
  105  8:08  Carrier (Chrono Boost)  
  105  8:15  Stargate  
  105  8:18  Templar Archives  
  110  8:50  Protoss Air Weapons Level 2 (Chrono Boost)  
  110  8:52  Photon Cannon  
  110  8:54  Carrier (Chrono Boost)  
  110  8:58  Pylon  
  110  8:59  Pylon  
  110  9:07  Pylon  
  110  9:14  Pylon  
  110  9:15  Pylon  
  110  9:16  Psionic Storm  
  116  9:23  Nexus  
  116  9:24  Protoss Air Armor Level 2 (Chrono Boost), Pylon  
  116  9:37  Pylon  
  116  9:41  Protoss Shields Level 1 (Chrono Boost)  
  116  9:43  Carrier (Chrono Boost)  
  116  9:46  Pylon  
  116  9:50  Pylon  
  116  9:57  Pylon  
  122  10:07  Robotics Facility  
  122  10:11  Pylon  
  122  10:19  Void Ray (Chrono Boost)  
  122  10:20  Assimilator  
  124  10:23  Adept  
  126  10:30  Carrier (Chrono Boost)  
  126  10:32  Carrier (Chrono Boost)  
  126  10:34  Probe x3  
  130  10:35  Probe  
  130  10:46  Probe x3  
  140  11:12  Void Ray  
  140  11:16  Stargate  
  144  11:25  Protoss Air Weapons Level 3 (Chrono Boost)  
  144  11:27  Assimilator  
  144  11:31  Protoss Air Armor Level 3 (Chrono Boost)  
  144  11:39  Adept  
  146  11:48  Pylon  
  146  11:51  Protoss Shields Level 2 (Chrono Boost)  
  146  12:02  Gateway  
  146  12:03  Gateway, Carrier x2 (Chrono Boost)  
  146  12:04  Gateway x3  
  146  12:06  Observer  
  147  12:09  Pylon  
  147  12:10  Adept  
  139  12:23  Observer  
  139  12:24  Probe x4  
  142  12:32  Pylon, Charge, Photon Cannon  
  142  12:36  Probe  
  153  12:41  Warp Prism  
  153  12:44  Phoenix  
  157  13:02  Photon Cannon  
  157  13:04  Probe, Nexus  
  158  13:08  Dark Shrine  
  158  13:14  Adept  
  158  13:16  Adept  
  158  13:17  Probe  
  163  13:24  Assimilator  
  167  13:28  Assimilator  
  167  13:29  Probe  
  167  13:32  Pylon  
  172  13:38  Adept  
  174  13:45  Photon Cannon  
  174  13:51  Phoenix  
  174  13:52  Phoenix x2  
  170  13:56  Probe, Protoss Shields Level 3 (Chrono Boost)  
  170  14:00  Phoenix  
  171  14:08  Probe  
  172  14:13  Photon Cannon  
  172  14:14  Carrier (Chrono Boost)  
  172  14:15  Carrier (Chrono Boost)  
  172  14:16  Photon Cannon  
  172  14:19  Carrier (Chrono Boost)  
  172  14:20  Probe  
  173  14:27  Pylon  
  168  14:39  Nexus  
  168  14:45  Carrier (Chrono Boost)  
  162  15:19  Dark Templar  
  164  15:25  Phoenix x2 (Chrono Boost)  
  164  15:26  Phoenix (Chrono Boost)  
  170  15:37  Assimilator  
  170  15:41  Assimilator  
  170  15:47  High Templar x4  
  176  16:08  Pylon  
  176  16:10  Pylon  
  176  16:13  Phoenix  
  176  16:15  Phoenix x2  
  176  16:16  Phoenix  
  176  16:18  Gateway  
  184  16:27  Photon Cannon  
  184  16:28  Gateway, Protoss Ground Weapons Level 2  
  184  16:32  Gateway  
  184  16:33  Photon Cannon  
  184  16:36  Photon Cannon  
  182  16:58  Observer, Zealot x2  
  182  16:59  Zealot x4  
  182  17:03  Carrier x2 (Chrono Boost)  
  183  17:10  Probe  
  184  17:28  Void Ray (Chrono Boost)  
  200  17:38  Gateway x2  
  200  17:43  Pylon  
  200  17:51  Pylon  
  200  17:55  Pylon  
  199  18:15  Observer  
  200  18:49  Pylon  
  197  19:00  Photon Cannon  
  195  19:18  Mothership Core  
  197  19:44  Gateway  
  197  19:46  Gateway  
  197  19:47  Gateway  
  193  20:36  Carrier x3 (Chrono Boost)  
  193  20:37  Carrier (Chrono Boost)  
  162  20:50  Archon  
  162  20:52  Archon  
  123  21:13  Photon Cannon  
  122  21:18  Stargate  
  122  21:19  Stargate  
  122  21:21  Dark Templar x2  
  122  21:22  Dark Templar x5, Stargate  
  122  21:23  Dark Templar x4  
  144  21:33  Carrier (Chrono Boost)  
  127  21:55  High Templar x5  
  127  21:56  High Templar x2  
  127  21:57  Carrier x4 (Chrono Boost)  
  127  21:58  Observer, Carrier x2 (Chrono Boost)  
  142  22:02  Nexus, Assimilator  
  142  22:04  Pylon  
  142  22:06  Pylon, High Templar x4, Assimilator  
  144  22:20  Observer  
  167  22:28  Archon  
  167  22:29  Archon x2  
  149  22:30  Zealot  
  149  22:31  Zealot x5  
  139  22:45  Phoenix (Chrono Boost)  
  135  22:54  Zealot x4  
  135  22:55  Zealot x2  
  135  22:56  Zealot x3  
  153  23:03  Phoenix  
  155  23:05  Photon Cannon  
  155  23:06  Photon Cannon  
  155  23:08  Photon Cannon x2  
  155  23:09  Phoenix (Chrono Boost), Carrier (Chrono Boost)  
  155  23:10  Carrier x3 (Chrono Boost)  
  137  23:13  Pylon  
  123  24:05  Probe x5  
  123  24:06  Carrier x2 (Chrono Boost)  
  123  24:07  Probe, Carrier (Chrono Boost)  
  143  24:32  Phoenix  
  145  24:49  High Templar x2  
  147  25:02  Nexus  
  147  25:03  Photon Cannon  
  147  25:14  High Templar  
  147  25:16  High Templar  
  151  25:28  Assimilator  
  151  25:32  Assimilator  
  151  25:33  Phoenix x3 (Chrono Boost)  
  159  25:47  Phoenix (Chrono Boost)  
  161  25:50  Phoenix (Chrono Boost)  
  161  25:52  Pylon  
  161  25:53  Adept  
  158  26:11  Phoenix x3  
  164  26:25  Phoenix x2  
  168  26:39  Photon Cannon x2  
  160  27:30  Adept  
  129  27:48  High Templar x6  
  135  28:03  Archon  
  135  28:04  Archon x4  
  105  28:08  Zealot  
  105  28:09  Zealot x4  
  105  28:10  Zealot  
  105  28:11  Zealot  
  119  28:14  Dark Templar  
  103  28:24  Observer  
  85  28:44  Zealot x3  
  85  28:45  Observer  
  85  28:48  Dark Templar  
  88  28:49  Dark Templar  
  88  28:50  Dark Templar  
  88  28:51  Carrier (Chrono Boost)  
  71  29:45  Dark Templar  
  71  29:46  Dark Templar x2  
Show
View Real Time Build Order
Export as new Build Order

AgCl Protoss 

Build Orders:  

Get SALT Encoding   

  12  0:01  SCV  
  13  0:13  SCV  
  14  0:19  Supply Depot  
  14  0:25  SCV  
  15  0:41  SCV  
  16  0:42  Barracks  
  16  0:47  Refinery  
  16  0:53  Refinery  
  16  0:56  SCV  
  17  1:08  SCV  
  18  1:32  Marine  
  19  1:39  Orbital Command  
  18  1:42  Factory  
  18  1:47  Supply Depot  
  18  2:00  Barracks Tech Lab  
  18  2:05  SCV  
  19  2:17  SCV  
  20  2:31  SCV, Siege Tank  
  20  2:37  Starport  
  24  2:40  Barracks Reactor  
  24  2:43  SCV  
  25  2:56  SCV  
  26  3:05  Siege Tank  
  29  3:08  SCV  
  30  3:20  SCV  
  31  3:33  Supply Depot  
  31  3:47  Command Center  
  31  3:54  SCV, Medivac x2  
  36  3:55  Supply Depot  
  36  4:00  Barracks Tech Lab  
  38  4:06  Siege Tank  
  39  4:10  Supply Depot  
  39  4:17  SCV  
  40  4:29  SCV  
  41  4:33  Factory  
  41  4:35  Factory  
  41  4:44  Hellion  
  43  4:46  SCV  
  44  4:55  Engineering Bay  
  44  4:58  SCV  
  47  5:01  Viking  
  47  5:03  Orbital Command  
  47  5:10  SCV  
  48  5:18  Hellion x2  
  48  5:20  Liberator  
  52  5:21  Siege Tank  
  52  5:26  SCV, Orbital Command  
  48  5:42  Hellion x2  
  54  5:47  Missile Turret  
  55  5:50  SCV  
  55  5:55  Barracks Reactor  
  55  5:56  SCV  
  56  5:59  Refinery  
  52  6:09  Hellion x3  
  56  6:12  SCV  
  56  6:13  Refinery  
  56  6:14  SCV  
  58  6:25  SCV  
  59  6:27  Armory  
  59  6:30  Hellion  
  59  6:32  Liberator  
  61  6:34  SCV  
  61  6:37  SCV  
  63  6:43  Missile Turret  
  63  6:46  SCV  
  64  6:48  Liberator  
  64  6:50  SCV  
  67  6:58  SCV, Supply Depot  
  67  6:59  Supply Depot  
  70  7:18  Terran Vehicle Weapons Level 1  
  70  7:20  SCV x2, Siege Tank  
  75  7:24  Supply Depot  
  75  7:26  Supply Depot  
  75  7:32  SCV  
  75  7:33  SCV  
  77  7:45  Command Center  
  77  7:49  SCV  
  78  7:52  Siege Tank  
  78  7:54  SCV  
  82  8:02  SCV  
  83  8:08  SCV  
  83  8:10  Thor  
  90  8:14  SCV  
  90  8:17  Supply Depot  
  91  8:20  Supply Depot  
  91  8:22  Hellion  
  91  8:24  Siege Tank  
  91  8:25  Hellion, Liberator x2  
  91  8:26  SCV  
  99  8:31  SCV  
  100  8:37  Supply Depot  
  98  8:45  SCV  
  98  8:46  SCV  
  100  8:57  SCV  
  100  8:59  SCV  
  100  9:01  Starport  
  102  9:07  Liberator  
  102  9:08  Factory Tech Lab  
  102  9:09  SCV  
  103  9:12  Terran Ship Weapons Level 1  
  103  9:15  SCV  
  104  9:17  Hellion x2  
  104  9:20  Liberator  
  104  9:21  SCV  
  109  9:26  Liberator  
  109  9:30  SCV  
  112  9:34  SCV  
  115  9:42  Refinery, Missile Turret  
  115  9:44  Refinery  
  115  9:45  SCV  
  118  9:50  SCV, Liberator, Orbital Command  
  119  9:54  Hellion x2  
  119  9:57  SCV  
  124  10:03  Liberator  
  125  10:07  SCV  
  125  10:11  Liberator  
  125  10:14  SCV  
  128  10:15  Supply Depot  
  128  10:16  Supply Depot  
  128  10:17  Supply Depot  
  130  10:32  SCV x2  
  130  10:33  SCV, Liberator  
  135  10:38  Command Center  
  135  10:44  SCV  
  136  10:50  Liberator  
  136  10:54  Barracks Reactor, Liberator  
  136  10:55  SCV  
  136  10:56  Starport  
  133  10:57  Starport  
  113  11:10  SCV x2  
  109  11:16  Terran Ship Weapons Level 2  
  109  11:18  SCV  
  112  11:22  SCV  
  112  11:24  Hellion x7  
  113  11:30  Liberator x3, Widow Mine x2  
  113  11:32  SCV  
  118  11:39  SCV, Starport Reactor  
  119  11:43  SCV  
  119  11:48  Widow Mine x2  
  119  11:52  Refinery  
  129  11:56  Drilling Claws  
  129  11:57  Refinery  
  129  12:01  SCV  
  129  12:02  SCV  
  129  12:05  Liberator  
  131  12:09  SCV  
  131  12:10  Hellion x2  
  131  12:13  SCV  
  135  12:18  Hellion  
  136  12:23  Widow Mine  
  136  12:26  SCV  
  136  12:28  Liberator x2  
  129  12:30  Widow Mine  
  129  12:31  SCV  
  132  12:46  Widow Mine x2  
  132  12:47  SCV x2  
  138  12:52  Widow Mine  
  138  12:54  Planetary Fortress  
  140  12:59  Liberator x2  
  140  13:01  Missile Turret  
  140  13:07  Sensor Tower  
  140  13:12  Widow Mine  
  140  13:14  Widow Mine  
  148  13:26  Widow Mine x2  
  144  13:28  SCV  
  144  13:33  Unknown  
  147  13:34  Liberator  
  147  13:41  Widow Mine  
  144  13:48  SCV  
  145  13:52  Command Center  
  145  13:55  Siege Tank  
  150  13:56  Siege Tank, Liberator  
  150  13:58  SCV, Terran Ship Armor Level 1  
  154  14:03  Command Center  
  154  14:07  Liberator  
  154  14:12  Widow Mine x2  
  160  14:22  Missile Turret  
  160  14:29  Liberator x2  
  158  14:42  Command Center  
  140  14:46  Command Center, Widow Mine  
  140  14:47  Widow Mine  
  126  14:52  Liberator  
  126  15:07  Planetary Fortress  
  126  15:08  Liberator x2  
  126  15:09  Widow Mine x2  
  126  15:13  Refinery x2  
  132  15:15  Refinery, Missile Turret  
  132  15:16  Orbital Command  
  132  15:17  Refinery  
  132  15:18  Liberator  
  132  15:24  Widow Mine  
  136  15:30  Missile Turret  
  138  15:50  Liberator x2  
  138  15:51  Armory  
  134  16:01  Planetary Fortress, Missile Turret  
  134  16:03  Liberator  
  132  16:08  Widow Mine x2  
  132  16:09  Widow Mine  
  132  16:11  Hellion  
  144  16:25  Liberator  
  146  16:31  Factory x2  
  146  16:32  Hellion, Factory  
  148  16:34  Planetary Fortress, Missile Turret  
  148  16:38  Hellion x3  
  148  16:39  Missile Turret  
  155  16:50  Terran Ship Weapons Level 3  
  155  16:53  Hellion  
  153  17:09  Refinery  
  153  17:12  Banshee  
  153  17:13  Missile Turret, Liberator x2  
  156  17:16  Factory Reactor  
  156  17:17  Factory Reactor x2  
  156  17:31  Refinery  
  156  17:35  Missile Turret  
  156  17:36  Missile Turret  
  160  17:55  Banshee  
  160  17:56  Command Center x2  
  160  17:58  Liberator x6  
  155  18:00  Missile Turret  
  167  18:21  Liberator  
  167  18:28  Sensor Tower  
  167  18:40  Liberator  
  167  18:46  Liberator x2  
  167  18:47  Liberator x2  
  169  19:05  Widow Mine x3  
  169  19:06  Missile Turret, Widow Mine x4  
  191  19:11  Orbital Command  
  191  19:14  Command Center, Planetary Fortress, Liberator  
  188  19:21  Banshee, Missile Turret  
  191  19:25  Missile Turret  
  193  19:39  Terran Ship Armor Level 2  
  193  19:45  Terran Vehicle Weapons Level 2  
  193  19:50  Cloaking Field  
  193  19:57  Hellion x2  
  193  20:15  Starport  
  193  20:17  Starport  
  193  20:18  Starport  
  193  20:19  Starport  
  193  20:31  Liberator x5  
  193  20:32  Liberator x2  
  157  20:46  Widow Mine  
  157  20:47  Widow Mine x6  
  149  21:04  Viking  
  149  21:05  Viking x3  
  137  21:14  Liberator x6  
  137  21:15  Liberator  
  133  21:30  Command Center, Refinery  
  133  21:31  Refinery  
  147  21:34  Viking  
  147  21:37  Viking x3  
  155  21:42  Hellion x2  
  155  21:55  Widow Mine x8  
  155  21:56  Widow Mine x2  
  175  22:12  Building Armor  
  175  22:17  Viking x5  
  175  22:18  Liberator x5  
  166  22:46  Orbital Command  
  162  23:01  Hellion x6  
  162  23:02  Hellion x3  
  178  23:12  Command Center  
  168  23:15  Hellion  
  168  23:18  Liberator x2  
  168  23:19  Liberator x3  
  160  23:24  Missile Turret  
  156  23:36  Liberator x4  
  162  24:08  Liberator x3  
  158  24:11  Command Center, Hi-Sec Auto Tracking  
  148  24:19  Liberator x3  
  136  24:25  Liberator x3  
  136  24:30  Orbital Command  
  142  24:50  Terran Ship Armor Level 3  
  112  25:04  Widow Mine x2  
  112  25:05  Widow Mine x6  
  112  25:06  Widow Mine x2  
  130  25:10  Viking  
  130  25:11  Viking x3  
  138  25:17  Viking  
  138  25:19  Viking  
  142  25:24  Infernal Pre-Igniter  
  142  25:26  Viking  
  142  25:28  Viking  
  146  25:34  Hellion x2  
  150  25:36  Viking x3  
  150  25:40  Viking  
  150  25:41  Viking  
  160  25:45  Hellion  
  160  25:46  Hellion  
  160  25:47  Hellion x3  
  160  25:49  Viking x3  
  176  25:55  Hellion x2  
  180  26:01  Terran Vehicle Weapons Level 3  
  180  26:05  Hellion  
  180  26:07  Viking x4  
  190  26:18  Missile Turret  
  190  26:19  Missile Turret  
  190  26:20  Missile Turret  
  186  26:28  Viking x2  
  186  26:29  Viking x4  
  188  26:48  Viking x3  
  188  26:53  Missile Turret x2  
  194  27:04  Missile Turret  
  194  27:05  Missile Turret  
  194  27:06  Missile Turret  
  186  27:16  Planetary Fortress  
  186  27:25  Viking x3  
  186  27:28  Terran Vehicle Armor Level 1  
  127  27:56  Hellion x2  
  127  27:57  Hellion x4  
  115  27:59  Viking x4  
  115  28:04  Viking  
  111  28:17  Widow Mine  
  102  28:34  Widow Mine  
  102  28:35  Widow Mine  
  102  28:37  Widow Mine x4  
  102  28:38  Missile Turret  
  112  28:41  Missile Turret  
  112  28:46  Cyclone x2  
  112  28:48  Hellion  
  120  28:51  Unknown  
  120  28:56  Widow Mine  
  120  28:58  Fusion Core  
  121  29:03  Missile Turret, Widow Mine  
  121  29:08  Widow Mine x3  
  129  29:10  Viking x4  
  129  29:11  Viking  
  139  29:18  Cyclone  
  139  29:21  Cyclone  
  139  29:22  Widow Mine x2  
  147  29:38  Missile Turret  
  147  29:39  Missile Turret  
  147  29:40  Hellion x2, Missile Turret  
  147  29:42  Missile Turret  
  143  29:51  Command Center  
Show
View Real Time Build Order
Export as new Build Order

Videoboy Terran - Winner!

Build Orders:  

Get SALT Encoding   

Show
View Real Time Build Order
Export as new Build Order

eClipse Terran - Winner!

Build Orders:  

Get SALT Encoding   

Tags
 
Add a new tag
Caveats
  • Supply blocks, unpowered buildings, or Contaminate may cause inaccurate times.
  • Supply counts are checked every 10 seconds.